Map: Lerilak Crest

Players

Darkzzx

  • Race: Protoss Protoss
  • League: Silver

resh - Winner!

  • Race: Zerg Zerg
  • League: Silver

VOD

Have the link to the VOD?

Description

Time

  • Played on: Aug. 17, 2015, 2:58 p.m.
  • Length: 34:36
Show
View Real Time Build Order
Export as new Build Order

Darkzzx Protoss 

Build Orders: 1 Gate Expand 

Get SALT Encoding   

  12  0:02  Probe  
  13  0:14  Probe  
  13  0:19  Pylon  
  14  0:37  Probe (Chrono Boost)  
  14  0:39  Gateway  
  15  0:49  Probe (Chrono Boost)  
  16  0:55  Assimilator  
  16  0:56  Probe (Chrono Boost)  
  17  1:06  Probe (Chrono Boost)  
  18  1:17  Probe (Chrono Boost)  
  19  1:24  Nexus  
  19  1:32  Cybernetics Core  
  19  1:36  Probe (Chrono Boost)  
  20  1:45  Pylon  
  20  1:46  Probe (Chrono Boost)  
  21  1:56  Pylon  
  21  1:59  Probe  
  22  2:09  Adept  
  22  2:11  Probe  
  22  2:14  Forge  
  25  2:28  Probe (Chrono Boost)  
  27  2:37  Assimilator  
  27  2:38  Probe (Chrono Boost)  
  27  2:46  Mothership Core (Chrono Boost)  
  27  2:47  Photon Cannon  
  27  2:49  Probe  
  30  3:01  Probe (Chrono Boost)  
  31  3:12  Probe x2 (Chrono Boost)  
  35  3:20  Probe (Chrono Boost), Pylon  
  35  3:24  Probe (Chrono Boost), Warp Gate  
  35  3:25  Pylon  
  36  3:29  Probe (Chrono Boost)  
  36  3:32  Protoss Shields Level 1, Probe (Chrono Boost)  
  37  3:39  Probe x2 (Chrono Boost)  
  39  3:46  Pylon  
  39  3:47  Probe (Chrono Boost)  
  41  3:49  Probe (Chrono Boost)  
  41  3:53  Pylon  
  41  3:59  Probe (Chrono Boost)  
  43  4:05  Probe (Chrono Boost)  
  43  4:07  Twilight Council, Probe (Chrono Boost)  
  44  4:16  Probe (Chrono Boost)  
  42  4:29  Probe (Chrono Boost)  
  43  4:38  Probe (Chrono Boost), Assimilator  
  44  4:40  Assimilator  
  44  4:46  Probe  
  46  5:00  Probe (Chrono Boost)  
  46  5:02  Probe (Chrono Boost)  
  47  5:08  Photon Cannon  
  47  5:11  Probe (Chrono Boost)  
  47  5:12  Pylon  
  47  5:13  Probe (Chrono Boost)  
  49  5:17  Gateway  
  49  5:20  Gateway x2  
  49  5:22  Probe  
  48  5:30  Shield Upgrade  
  41  5:55  Gateway  
  41  5:56  Gateway  
  41  5:58  Gateway  
  41  6:01  Gateway  
  41  6:04  Pylon  
  41  6:07  Protoss Shields Level 2 (Chrono Boost)  
  41  6:29  Stargate  
  41  6:30  Gateway  
  41  6:35  Gateway  
  41  6:36  Gateway  
  41  6:39  Gateway  
  41  6:41  Pylon  
  41  6:44  Probe (Chrono Boost)  
  41  6:45  Probe (Chrono Boost), Pylon  
  45  6:54  Probe x2 (Chrono Boost)  
  45  7:01  Probe x2  
  47  7:10  Photon Cannon  
  47  7:15  Photon Cannon  
  47  7:16  Adept x5  
  47  7:17  Sentry x2  
  61  7:30  Probe (Chrono Boost)  
  61  7:31  Probe (Chrono Boost)  
  63  7:39  Void Ray (Chrono Boost)  
  63  7:41  Probe x2 (Chrono Boost)  
  69  7:48  Probe x2 (Chrono Boost)  
  70  7:59  Probe x2  
  72  8:07  Sentry, Adept x2  
  72  8:08  Sentry x2  
  72  8:11  Probe  
  72  8:12  Adept x2  
  87  8:22  Void Ray  
  87  8:24  Pylon, Protoss Shields Level 3 (Chrono Boost)  
  87  8:28  Pylon  
  91  8:35  Pylon  
  91  8:38  Pylon  
  91  8:44  Adept x2  
  91  8:45  Adept x4  
  103  8:56  Adept  
  103  8:57  Adept x3  
  111  9:05  Void Ray (Chrono Boost)  
  115  9:12  Adept x3  
  119  9:43  Photon Cannon  
  119  9:46  Photon Cannon  
  119  9:52  Templar Archives  
  119  9:53  Photon Cannon  
  119  9:55  Fleet Beacon  
  119  9:59  Stargate  
  119  10:19  Nexus  
  118  10:22  Pylon  
  118  10:24  Pylon  
  116  10:29  Pylon  
  98  10:41  Psionic Storm  
  98  10:56  Robotics Facility  
  98  11:01  Photon Cannon  
  98  11:04  Photon Cannon  
  98  11:09  Photon Cannon  
  98  11:10  Assimilator  
  98  11:16  Assimilator  
  98  11:17  High Templar x3  
  98  11:18  High Templar x3  
  110  11:22  Carrier  
  110  11:37  Probe  
  117  11:49  Probe  
  117  11:51  Observer  
  119  12:01  Probe  
  120  12:08  High Templar  
  122  12:12  Observer  
  109  12:30  High Templar x2  
  109  12:31  High Templar  
  115  12:41  Carrier  
  115  12:42  Carrier  
  126  13:16  High Templar  
  128  13:29  Observer (Chrono Boost)  
  129  13:36  Nexus  
  129  13:44  Observer (Chrono Boost)  
  129  13:46  Carrier  
  135  14:40  High Templar x2  
  135  14:41  High Templar x4  
  135  14:42  High Templar  
  135  15:36  Carrier (Chrono Boost)  
  135  15:37  Carrier (Chrono Boost)  
  135  15:50  Pylon  
  135  15:52  Pylon  
  135  15:56  Pylon  
  135  16:00  Pylon  
  135  16:02  High Templar x2  
  151  16:15  Forge  
  151  16:19  Assimilator  
  151  16:24  Assimilator  
  151  16:29  Zealot x3  
  151  16:30  Zealot x5  
  151  16:31  Zealot  
  151  16:32  Carrier x2 (Chrono Boost)  
  181  16:59  Photon Cannon  
  181  17:00  Photon Cannon  
  181  17:02  Photon Cannon  
  181  17:03  Protoss Air Weapons Level 1  
  181  17:06  Photon Cannon  
  181  17:10  Photon Cannon  
  181  17:24  Carrier  
  187  17:59  Zealot x5  
  187  18:00  Zealot x3  
  187  18:01  Zealot  
  187  18:02  Zealot  
  189  18:13  Zealot  
  189  18:25  Zealot x2  
  190  18:28  High Templar x2  
  190  18:34  Archon  
  176  19:20  Carrier (Chrono Boost)  
  176  19:28  Carrier (Chrono Boost)  
  162  19:40  Archon x6  
  115  21:09  Carrier (Chrono Boost)  
  115  21:11  Carrier (Chrono Boost)  
  115  21:12  Pylon  
  115  21:13  Pylon  
  115  21:15  Pylon  
  115  21:18  Pylon  
  115  21:21  Pylon  
  115  21:23  Pylon  
  115  22:06  Carrier  
  115  22:08  Carrier  
  108  22:17  Cybernetics Core  
  106  25:05  Pylon  
  106  25:17  Pylon  
  94  32:59  Assimilator  
Show
View Real Time Build Order
Export as new Build Order

resh Zerg - Winner!

Build Orders: Hatch First, Lurkers 

Get SALT Encoding   

  12  0:01  Drone  
  13  0:09  Drone  
  14  0:20  Extractor  
  14  0:21  Drone x2, Extractor  
  16  0:44  Hatchery  
  15  1:01  Spawning Pool  
  14  1:04  Extractor  
  14  1:05  Drone  
  14  1:12  Overlord  
  14  1:31  Drone  
  14  1:32  Drone x2  
  17  1:43  Drone  
  18  1:50  Queen  
  20  1:55  Drone  
  21  2:02  Drone  
  21  2:05  Drone  
  23  2:08  Metabolic Boost  
  23  2:16  Queen  
  25  2:28  Zergling x2  
  25  2:29  Zergling x4  
  28  2:33  Overlord  
  28  2:49  Overlord  
  28  2:56  Zergling x6  
  28  2:57  Zergling x2  
  32  3:05  Drone  
  33  3:31  Extractor  
  33  3:32  Roach Warren  
  33  3:33  Lair  
  31  3:44  Zergling x8  
  31  3:45  Drone x3, Zergling x2  
  31  3:46  Drone x2  
  41  4:17  Zergling x6  
  39  4:36  Roach, Zergling x4  
  39  4:37  Roach  
  43  4:55  Hydralisk Den  
  43  4:59  Baneling Nest  
  41  5:01  Drone x3  
  41  5:02  Evolution Chamber, Overlord x2  
  41  5:05  Evolution Chamber  
  41  5:26  Zergling x4  
  41  5:27  Drone x4  
  41  5:28  Drone x3  
  48  5:42  Lurker Den  
  47  5:47  Drone x4  
  49  5:54  Zerg Ground Armor Level 1  
  49  6:21  Hatchery, Drone x3  
  49  6:22  Drone x4  
  49  6:23  Drone  
  56  6:36  Zerg Melee Weapons Level 1  
  56  6:45  Extractor  
  56  6:46  Extractor  
  54  6:53  Hydralisk x3  
  58  6:56  Overlord x2  
  58  6:57  Overlord x2  
  59  7:15  Drone x3  
  61  7:16  Drone, Hydralisk x2  
  61  7:17  Hydralisk  
  69  7:28  Hydralisk x3  
  75  7:32  Lurker  
  76  7:41  Drone  
  76  7:42  Drone, Queen  
  80  7:57  Lurker x3  
  83  8:06  Drone x3  
  83  8:07  Drone x6  
  83  8:08  Drone  
  93  8:14  Lurker  
  93  8:15  Lurker  
  95  8:23  Zergling x4  
  95  8:25  Overlord x2  
  95  8:26  Overlord x4  
  97  8:44  Extractor  
  97  8:46  Drone x4, Extractor  
  99  8:53  Hydralisk x2  
  99  8:54  Hydralisk x6  
  115  9:05  Zergling x10  
  120  9:16  Zergling x10  
  120  9:17  Zergling x2  
  127  9:24  Zergling x4  
  128  9:48  Lurker x4  
  128  9:49  Lurker  
  128  9:51  Hydralisk, Zergling x4  
  128  9:52  Zergling x2  
  138  9:54  Overlord x4  
  138  9:58  Glial Reconstitution  
  138  10:00  Zerg Melee Weapons Level 2  
  138  10:08  Infestation Pit  
  127  10:32  Hydralisk x2, Roach, Zergling x2  
  127  10:33  Hydralisk, Roach x4  
  135  11:15  Hydralisk x5, Roach  
  135  11:16  Roach x3  
  153  11:39  Hatchery  
  152  11:47  Overseer x2  
  152  11:50  Pneumatized Carapace  
  152  11:53  Muscular Augments  
  152  11:54  Zerg Ground Armor Level 2  
  152  11:57  Spore Crawler  
  152  11:58  Spore Crawler  
  152  11:59  Spore Crawler  
  152  12:00  Hydralisk x4, Roach x5  
  152  12:01  Roach  
  141  12:37  Hydralisk x6, Roach x4  
  141  12:38  Roach x5  
  169  12:48  Hive  
  163  13:01  Roach x3  
  163  13:02  Roach x3  
  163  13:05  Tunneling Claws  
  175  13:09  Burrow  
  175  13:24  Lurker  
  175  13:25  Overlord  
  175  13:26  Overlord x3  
  176  13:43  Queen  
  178  13:52  Lurker x3  
  178  13:55  Roach x6  
  193  13:56  Roach x3  
  199  14:05  Ultralisk Cavern  
  191  14:39  Extractor  
  191  14:41  Extractor  
  125  15:30  Hydralisk x2, Roach x3  
  125  15:31  Hydralisk x7, Roach x5  
  125  15:32  Hydralisk, Roach x6  
  173  15:36  Chitinous Plating  
  173  15:37  Zerg Melee Weapons Level 3  
  173  15:38  Zerg Ground Armor Level 3  
  164  16:19  Ultralisk x3  
  164  16:22  Overlord x3  
  182  16:35  Hatchery, Spine Crawler  
  182  16:39  Spine Crawler  
  179  16:41  Spine Crawler  
  184  16:47  Ultralisk x2  
  196  17:01  Ultralisk  
  196  17:29  Hatchery  
  189  17:52  Roach x2  
  185  18:00  Ultralisk x2  
  185  18:03  Extractor  
  196  18:12  Roach x12  
  188  18:14  Hydralisk x4  
  188  18:15  Ultralisk  
  198  18:26  Ultralisk  
  196  18:45  Queen  
  192  19:02  Ultralisk  
  197  19:21  Extractor  
  193  19:36  Hydralisk x4  
  193  19:37  Hydralisk x4  
  193  19:38  Hydralisk x4  
  189  19:53  Ultralisk  
  189  19:55  Ultralisk  
  189  19:57  Hydralisk x2  
  181  20:25  Hydralisk x4  
  181  20:26  Hydralisk x3  
  193  20:50  Hydralisk x2  
  193  20:51  Hydralisk  
  199  21:03  Drone  
  200  21:13  Extractor x2  
  200  21:17  Hydralisk  
  194  21:52  Viper x4  
  170  22:09  Ultralisk x6  
  170  22:10  Hydralisk x3  
  170  22:11  Hydralisk x6  
  182  22:28  Hydralisk x9  
  147  23:41  Viper x2  
  147  23:42  Viper x3  
  162  24:10  Hatchery  
  160  24:19  Roach x13  
  146  25:14  Spawning Pool  
  145  25:26  Overlord  
  145  25:27  Overlord x4  
  137  26:09  Hatchery  
  137  26:10  Lair  
  128  26:16  Overlord x2  
  128  26:17  Overlord x5  
  110  26:55  Drone x3  
  110  26:56  Drone x2  
  110  26:57  Hatchery  
  59  27:58  Lair  
  53  28:31  Ultralisk x5, Drone x3  
  56  28:37  Spawning Pool  
  56  28:39  Drone  
  52  28:51  Roach  
  49  29:02  Overseer x3  
  47  29:46  Spore Crawler x2  
  47  29:47  Drone x3  
  47  29:48  Queen  
  44  30:02  Drone x2  
  44  30:03  Drone  
  44  30:07  Overseer x3  
  49  30:11  Spore Crawler  
  49  30:14  Drone x2  
  50  30:21  Spore Crawler  
  50  30:23  Spore Crawler  
  50  30:24  Spore Crawler  
  45  30:37  Hydralisk Den  
  45  30:39  Drone x2  
  45  31:18  Spore Crawler x2  
  44  31:23  Drone  
  44  31:24  Drone x3, Spore Crawler  
  20  33:14  Hydralisk  
Tags
 
Add a new tag
Caveats
  • Supply blocks, unpowered buildings, or Contaminate may cause inaccurate times.
  • Supply counts are checked every 10 seconds.